 Dungeon Crawl Stone Soup version 0.21-a0-509-gecc5317 (webtiles) character file.

2419 torrenera the Cleaver (level 9, -9/63 HPs)
             Began as a Demonspawn Fighter on Nov 30, 2017.
             Was a Follower of Qazlal.
             Mangled by a two-headed ogre
             ... wielding a +0 giant club
              (16 damage)
             ... on level 9 of the Dungeon.
             The game lasted 00:13:36 (7932 turns).

torrenera the Cleaver (Demonspawn Fighter)          Turns: 7932, Time: 00:13:36

Health: -9/63      AC: 16    Str: 20    XL:     9   Next: 24%
Magic:  9/9        EV:  8    Int:  9    God:    Qazlal [*.....]
Gold:   481        SH: 11    Dex: 18    Spells: 8/8 levels left

rFire    . . .     SeeInvis .   a - +0 war axe
rCold    + . .     Gourm    .   c - +0 shield
rNeg     . . .     Faith    .   o - +0 plate armour
rPois    .         Spirit   .   C - +2 hat {MR+}
rElec    .         Reflect  .   (no cloak)
rCorr    .         Harm     .   k - +0 pair of gloves
MR       +....                  (no boots)
Stlth    ..........             (no amulet)
HPRegen  0.20/turn              h - ring of flight
MPRegen  0.11/turn              y - ring of wizardry

@: agile
A: talons 2, slimy green scales 1, cold resistance 1, demonic guardian 1
a: Renounce Religion, Evoke Flight


You were on level 9 of the Dungeon.
You worshipped Qazlal.
Qazlal was aware of your devotion.
You were not hungry.

You visited 2 branches of the dungeon, and saw 11 of its levels.

You collected 481 gold pieces.

Inventory:

Hand Weapons
 a - a +0 war axe (weapon)
Missiles
 j - 234 stones (quivered)
Armour
 c - a +0 shield (worn)
 k - a +0 pair of gloves (worn)
 o - a +0 plate armour (worn)
 C - a +2 hat of magic resistance (worn)
Magical Staves
 F - an uncursed staff of fire {unknown}
Jewellery
 h - a ring of flight (left hand)
 t - an uncursed amulet of harm {unknown}
 y - a ring of wizardry (right hand)
 D - the ring "Zid Oroigg" {rF+ SInv, unknown}
   (You found it on level 6 of the Dungeon)

   [ring of see invisible]

   It protects you from fire.
   It lets you see invisible.
Wands
 g - a wand of flame (7)
Scrolls
 d - a scroll of immolation {unknown}
 e - a scroll of magic mapping {unknown}
 i - 2 scrolls of enchant weapon {unknown}
 l - a scroll of teleportation
 m - a scroll of noise {unknown}
 n - 2 scrolls of remove curse {unknown}
 v - 2 scrolls of amnesia {unknown}
 w - 4 scrolls of identify {unknown}
 H - a scroll of random uselessness {unknown}
Potions
 b - 3 potions of curing
 p - a potion of agility
 q - 3 potions of lignification {unknown}
 u - 2 potions of magic {unknown}
 x - 2 potions of flight
 A - 3 potions of degeneration {unknown}
 B - a potion of berserk rage {unknown}
 G - a potion of cancellation {unknown}
 I - 2 potions of ambrosia {unknown}
Books
 E - a book of Necromancy

   Spells                             Type                      Level
   a - Pain                           Necromancy                   1
   b - Animate Skeleton               Necromancy                   1
   c - Vampiric Draining              Necromancy                   3
   d - Regeneration                   Charms/Necromancy            3
   e - Animate Dead                   Necromancy                   4
   f - Control Undead                 Necromancy                   4
Comestibles
 f - 8 bread rations
 r - 27 fruits
 s - 4 meat rations
 z - a royal jelly
 J - 4 chunks of flesh


   Skills:
 - Level 3.0 Fighting
 + Level 11.4 Axes
 - Level 2.6 Armour
 - Level 2.6 Shields


You had 8 spell levels left.
You didn't know any spells.

Dungeon Overview and Level Annotations

Branches:
Dungeon (10/15)            Temple (1/1) D:7
   Lair: D:8-11         Orc: D:9-12

Altars:
Cheibriados
Dithmenos
Elyvilon
Fedhas
Gozag
Hepliaklqana
Kikubaaqudgha
Makhleb
Nemelex Xobeh
Okawaru
Qazlal
Ru
Sif Muna
Trog
Vehumet
Xom
Yredelemnul
Zin
The Shining One


Innate Abilities, Weirdness & Mutations

You have razor-sharp toenails.
You are partially covered in slimy green scales. (AC +2)
Your flesh is cold resistant. (rC+)
A weak demonic guardian rushes to your aid.


Message History

Okay, then.
Okay, then.
You feel agile all of a sudden.
Your ufetubus hits the two-headed ogre. x2
You hit the two-headed ogre but do no damage.
The two-headed ogre is lightly wounded.
The two-headed ogre hits you with a giant club!!
* * * LOW HITPOINT WARNING * * *
The two-headed ogre hits you with a giant spiked club!
* * * LOW HITPOINT WARNING * * *
You barely miss the two-headed ogre.
You claw the two-headed ogre, but do no damage.
The two-headed ogre is lightly wounded.
Your ufetubus hits the two-headed ogre. x2
Your ufetubus closely misses the two-headed ogre.
Your ufetubus hits the two-headed ogre. You slash the two-headed ogre!
You claw the two-headed ogre.
The two-headed ogre is heavily wounded.
The two-headed ogre hits you with a giant club!
You die...

####
#.....#.##..#.........)(
# ###)###.##n.#.
##.....#. #)# #.#....
#.....#.
#.###.#...#######.###.
#.<...#........... ##
#####.#..>####### .
#.#.......oo. . ####
#.#.#.######. ## ...#
#@5#..# ##.# #O#.### #.#
#5#.# #.### #.#.# #...#
##.#.# ###.# #....# #.#
#..### #.# #..### #.#
#....#


You could see a two-headed ogre and 2 friendly ufetubi.

Vanquished Creatures
  Menkaure (D:4)
  3 orc warriors
  2 sky beasts
  An ogre (D:4)
  A black bear (D:7)
  A phantom (D:4)
  5 centaurs
  A big kobold (D:8)
  A bullfrog (D:7)
  A scorpion (D:9)
  2 howler monkeys
  2 bullfrog zombies (D:8)
  2 centaur zombies
  A crimson imp (D:6)
  An orc priest (D:9)
  2 orc wizards (D:9)
  2 centaur skeletons
  3 hounds
  2 jellies
  Terence (D:2)
  2 worker ants
  A killer bee zombie (D:7)
  Robin (D:2)
  A howler monkey zombie (D:6)
  9 adders
  A howler monkey skeleton (D:4)
  3 oozes
  2 adder skeletons
  2 worms (D:3)
  4 dart slugs
  4 leopard geckos
  14 orcs
  A ball python (D:5)
  14 bats
  8 giant cockroaches
  13 goblins
  16 hobgoblins
  4 quokkas
  3 frilled lizards
  5 kobolds
  A leopard gecko skeleton (D:7)
  10 rats
154 creatures vanquished.

Vanquished Creatures (collateral kills)
  An ogre (D:4)
  A necrophage (D:9)
  A big kobold (D:9)
  2 howler monkeys (D:9)
  An ooze (D:7)
  2 orcs (D:7)
  2 kobolds (D:9)
10 creatures vanquished.

Vanquished Creatures (others)
  An adder (D:5)
  An orc (D:3)
2 creatures vanquished.

Grand Total: 166 creatures vanquished

Notes
Turn   | Place    | Note
-------+----------+-------------------------------------------
     0 | D:1      | torrenera the Demonspawn Fighter began the quest for the Orb.
     0 | D:1      | Reached XP level 1. HP: 18/18 MP: 1/1
    11 | D:1      | Reached skill level 2 in Axes
    50 | D:1      | Gained mutation: You are partially covered in slimy green scales. (AC +2) [demonic ancestry]
    50 | D:1      | Reached XP level 2. HP: 13/24 MP: 2/2
   392 | D:1      | Reached skill level 3 in Axes
   452 | D:1      | Gained mutation: You have sharp toenails. [demonic ancestry]
   452 | D:1      | Reached XP level 3. HP: 28/29 MP: 3/3
   678 | D:2      | Noticed Terence
   688 | D:2      | Killed Terence
   755 | D:2      | Found a shimmering altar of Xom.
   756 | D:2      | Found a hazy altar of Hepliaklqana.
   756 | D:2      | Noticed a hell beast
   757 | D:2      | Noticed a spectral ugly thing
   757 | D:2      | Noticed a hell beast
   802 | D:2      | Noticed Robin
   816 | D:2      | Killed Robin
   816 | D:2      | Reached skill level 4 in Axes
   816 | D:2      | Reached XP level 4. HP: 24/35 MP: 4/4
  1325 | D:3      | Found a radiant altar of Vehumet.
  1358 | D:3      | Found a blossoming altar of Fedhas.
  1507 | D:3      | Reached XP level 5. HP: 31/41 MP: 5/5
  1615 | D:3      | Found a sparkling altar of Nemelex Xobeh.
  1630 | D:3      | Reached skill level 5 in Axes
  1860 | D:3      | Found a sacrificial altar of Ru.
  1860 | D:3      | Found an opulent altar of Gozag.
  1861 | D:3      | Found a glowing golden altar of the Shining One.
  2329 | D:4      | Noticed Menkaure
  2356 | D:4      | Killed Menkaure
  2356 | D:4      | Reached skill level 6 in Axes
  2356 | D:4      | Gained mutation: A weak demonic guardian rushes to your aid. [demonic ancestry]
  2356 | D:4      | Reached XP level 6. HP: 39/47 MP: 6/6
  2696 | D:4      | Reached skill level 7 in Axes
  2696 | D:4      | Reached XP level 7. HP: 52/52 MP: 7/7
  2829 | D:5      | Entered Level 5 of the Dungeon
  3107 | D:5      | Reached skill level 8 in Axes
  3998 | D:6      | Got a heavily runed jade ring
  4055 | D:6      | Found a basalt altar of Yredelemnul.
  4373 | D:6      | Gained mutation: You have razor-sharp toenails. [demonic ancestry]
  4373 | D:6      | Reached XP level 8. HP: 54/58 MP: 8/8
  4523 | D:6      | Found a white marble altar of Elyvilon.
  4810 | D:7      | Reached skill level 9 in Axes
  4946 | D:7      | Found a staircase to the Ecumenical Temple.
  4975 | Temple   | Entered the Ecumenical Temple
  5025 | Temple   | Became a worshipper of Qazlal Stormbringer
  6157 | D:7      | You fall through a shaft for 3 floors!
  6157 | D:10     | Entered Level 10 of the Dungeon
  6298 | D:8      | Reached skill level 10 in Axes
  6541 | D:8      | Found a glowing silver altar of Zin.
  6578 | D:8      | Found a deep blue altar of Sif Muna.
  7109 | D:9      | Reached * piety under Qazlal
  7316 | D:8      | Gained mutation: Your flesh is cold resistant. (rC+) [demonic ancestry]
  7316 | D:8      | Reached XP level 9. HP: 52/63 MP: 9/9
  7377 | D:9      | Reached skill level 11 in Axes
  7903 | D:9      | Noticed a two-headed ogre
  7932 | D:9      | Mangled by a two-headed ogre

Vault maps used:
D:1:      dpeg_arrival_court
D:2:      kennysheep_big_flooded_room, regret_index_temple_of_mockery,
          uniq_terence, uniq_robin
D:3:      fiery_altar_vehumet, lemuel_doored_altar, lemuel_round_altar,
          gammafunk_temple_overflow_claw, first_bread
D:4:      uniq_menkaure
D:5:      lemuel_flamethrower_2
D:6:      kennysheep_mini_moat, basic_altar
D:7:      minmay_temple_entry_overgrown
D:8:      overflow_temple_1_default, lemuel_blue_sif_altar, blue_anna_alchemist,
          roderic_batcave
D:9:      cheibrodos_ashenzari_chains, marbit_many_paths
D:10:     erik_lair_island, david_orc_4
Temple:   jpeg_temple_island

Skill      XL: |  1  2  3  4  5  6  7  8  9 |
---------------+----------------------------+-----
Axes           | 2 3 4 6 7 8 10 11 | 11.4
Fighting       | |  3.0
Armour         | |  2.6
Shields        | |  2.6

Action                   |  1- 3 |  4- 6 |  7- 9 || total
-------------------------+-------+-------+-------++-------
Melee: War axe           |    93 |   196 |   275 ||   564
       Kick              |     8 |    39 |    86 ||   133
  Use: Potion            |     1 |     3 |     4 ||     8
       Scroll            |       |       |     1 ||     1
 Stab: Distracted        |       |       |     2 ||     2
  Eat: Chunk             |       |     6 |    14 ||    20
       Fruit             |       |       |     3 ||     3
Armor: Scale mail        |    22 |       |       ||    22
       Plate armour      |    35 |   157 |   193 ||   385
Dodge: Dodged            |    11 |    19 |    32 ||    62
Block: Shield            |    43 |    76 |   140 ||   259

Table legend:
 A = Spawn XP
 B = Non-spawn XP
 C = Spawn XP percentage of total XP
 D = Spawn monster count
 E = Non-spawn monster count
 F = Spawn count percentage of total count
 G = Total turns spent on level
                    A         B        C        D         E        F      G
               +---------+---------+-------+---------+---------+-------+---------
         Total |       0 |    3457 |   0.0 |       0 |     164 |   0.0 |  7932
               +---------+---------+-------+---------+---------+-------+---------
           D:1 |       0 |      43 |   0.0 |       0 |      19 |   0.0 |   659
           D:2 |       0 |     121 |   0.0 |       0 |      32 |   0.0 |   666
           D:3 |       0 |     102 |   0.0 |       0 |      28 |   0.0 |   858
           D:4 |       0 |     569 |   0.0 |       0 |      15 |   0.0 |   646
           D:5 |       0 |     340 |   0.0 |       0 |       8 |   0.0 |   911
           D:6 |       0 |     254 |   0.0 |       0 |      10 |   0.0 |  1156
           D:7 |       0 |     676 |   0.0 |       0 |      15 |   0.0 |  1292
           D:8 |       0 |     661 |   0.0 |       0 |      19 |   0.0 |  1389
           D:9 |       0 |     691 |   0.0 |       0 |      18 |   0.0 |   286
               +---------+---------+-------+---------+---------+-------+---------
